 Dungeon Crawl Stone Soup version 0.30.0-15-g856e2d3f33 (webtiles) character file.

Game seed: 10656328382119338281

6052 Strat the Protected (level 11, 0/90 HPs)
             Began as a Formicid Air Elementalist on May 19, 2023.
             Was a Priest of Nemelex Xobeh.
             Slain by an orc warrior
             ... wielding a +0 scimitar of freezing
              (3 damage)
             ... on level 9 of the Dungeon.
             The game lasted 00:21:24 (10657 turns).

Strat the Protected (Formicid Air Elementalist)    Turns: 10657, Time: 00:21:24

Health: 0/90       AC: 15    Str: 16    XL:     11   Next: 11%
Magic:  18/18      EV: 11    Int: 14    God:    Nemelex Xobeh [***...]
Gold:   640        SH:  5    Dex: 16    Spells: 11/14 levels left

rFire   + . .        a - +2 long sword (heavy)
rCold   . . .        (no shield)
rNeg    . . .        I - +2 ring mail {rPois}
rPois   +            (helmet unavailable)
rElec   .            (no cloak)
rCorr   +            v - +2 pair of gloves
SInv    +            p - +1 pair of boots
Will    +....        c - amulet of reflection
Stlth   ++           t - ring of resist corrosion
HPRegen 0.35/turn    H - ring of protection from fire
MPRegen 0.16/turn

%: reflection
@: no status effects
A: permanent stasis, dig shafts and tunnels, antennae 3, four strong arms
a: Dig, Shaft Self, Renounce Religion, Draw Escape, Draw Destruction, Draw
Summoning, Triple Draw


You were on level 9 of the Dungeon.
You worshipped Nemelex Xobeh.
Nemelex Xobeh was most pleased with you.
You visited 1 branch of the dungeon, and saw 9 of its levels.
You also visited: Ossuary and Bailey.

You collected 640 gold pieces.

Inventory:

Hand Weapons
 a - a +2 heavy long sword (weapon)
 h - a +0 hand axe
 l - a +0 quarterstaff
 G - a +0 shortbow of draining
 J - a +0 glaive
Missiles
 d - 6 throwing nets
 q - 7 boomerangs
 u - 20 poisoned darts
Armour
 p - a +1 pair of boots (worn)
 v - a +2 pair of gloves (worn)
 I - a +2 ring mail of poison resistance (worn)
Jewellery
 c - an amulet of reflection (around neck)
 s - a +6 ring of strength
 t - a ring of resist corrosion (left hand)
 H - a ring of protection from fire (right hand)
Wands
 r - a wand of flame (27)
 x - a wand of polymorph (14)
 y - a wand of paralysis (4)
 D - a wand of iceblast (3)
Scrolls
 f - 4 scrolls of poison
 j - 4 scrolls of teleportation
 m - a scroll of torment
 C - 9 scrolls of enchant armour
 F - 2 scrolls of identify
 M - a scroll of brand weapon
 N - 3 scrolls of enchant weapon
Potions
 b - 5 potions of magic
 e - 2 potions of might
 g - 2 potions of berserk rage
 i - 3 potions of brilliance
 k - 2 potions of resistance {unknown}
 n - 4 potions of curing {unknown}
 o - 2 potions of degeneration {unknown}
 w - a potion of attraction {unknown}
 z - 2 potions of mutation {unknown}
 A - 2 potions of flight {unknown}
 B - 3 potions of cancellation {unknown}
 E - 3 potions of heal wounds {unknown}
 K - 2 potions of experience {unknown}
 L - a potion of haste {unknown}


   Skills:
 - Level 10.0 Fighting
 + Level 10.8 Armour
 - Level 1.7 Dodging
 - Level 2.4 Stealth
 - Level 2.1 Spellcasting
 - Level 0.8 Conjurations
 - Level 2.4 Air Magic
 + Level 10.3 Invocations


You had 11 spell levels left.
You knew the following spells:

 Your Spells              Type           Power      Damage    Failure   Level
a - Shock                 Conj/Air       24%        1d4       19%         1
b - Static Discharge      Conj/Air       12%        2-3/arc   28%         2

Your spell library contained the following spells:

 Spells                   Type           Power      Damage    Failure   Level
 Airstrike                Air            4%         2d(1-17)  80%         4
 Manifold Assault         Tloc           1%         N/A       98%         4
 Dispersal                Tloc           0%         N/A       100%        6
 Disjunction              Tloc           0%         N/A       100%        8
 Swiftness                Air            Unusable   N/A       N/A         3

Dungeon Overview and Level Annotations

Branches:
Dungeon (9/15)             Temple (0/1) D:6         Ossuary (visited)
 Bailey (visited)
   Lair: D:8-11         Orc: D:9-12

Altars:
Cheibriados
Dithmenos
Elyvilon
Fedhas
Gozag
Hepliaklqana
Kikubaaqudgha
Nemelex Xobeh
Xom


Innate Abilities, Weirdness & Mutations

You cannot be hasted, slowed, berserked, paralysed or teleported.
You can dig through walls and to a lower floor.
You have a pair of large antennae on your head. (SInv)
Your four strong arms can wield two-handed weapons with a shield.


Message History

Okay, then.
Okay, then.
Okay, then.
You draw a card...
You have drawn Exile.
The orc is devoured by a tear in reality.
The orc warrior is devoured by a tear in reality.
The orc warrior hits you with a +0 scimitar of freezing.
* * * LOW HITPOINT WARNING * * *
The orc warrior freezes you.
* * * LOW HITPOINT WARNING * * *
Okay, then.
The orc warrior hits you with a +0 scimitar of freezing!
* * * LOW HITPOINT WARNING * * *
The orc warrior freezes you.
* * * LOW HITPOINT WARNING * * *
There is an open door here.
Aiming: Shock (safe; 19% risk of failure)
Press: ? - help, Q - select action, (/) - cycle Shift-Dir - straight line, f/p - orc warrior
Aim: an orc warrior, wielding a +0 scimitar of freezing and wearing a +0 plate armour (lightly wounded, 64% to hit)
Okay, then.
Okay, then.
Okay, then.
You slash the orc warrior!
The orc warrior is severely wounded.
The orc warrior hits you but does no damage.
The orc warrior hits you with a +0 scimitar of freezing!
* * * LOW HITPOINT WARNING * * *
The orc warrior freezes you.
* * * LOW HITPOINT WARNING * * *
You hit the orc warrior.
The orc warrior is severely wounded.
The orc warrior hits you with a +0 scimitar of freezing.
* * * LOW HITPOINT WARNING * * *
The orc warrior freezes you.
* * * LOW HITPOINT WARNING * * *
The orc warrior hits you with a +0 scimitar of freezing!
* * * LOW HITPOINT WARNING * * *
The orc warrior freezes you.
You die...
Your body glows with a rainbow of weird colours and disappears.

##..# #.....# ##.##
#.[...# #..# ##.)∩).#
#####'#### #...)..#
#........# #......#
## #........#
#......# .
#........####......#
.
#........'.##......#
.#
#........#.@oo..§..#
#.##
#........####...§..##
#.#.#o #........#
#..§...'##...o..
#........#
#......##.o#
#####+####
##+###...##..#{ #####
## { {


You could see an orc warrior and an orc.

Vanquished Creatures
  An orc knight (Bailey)
  Joseph (D:8)
  An unseen horror (D:6)
  A wyvern (D:8)
  A steam dragon (D:8)
  3 orc warriors
  3 sky beasts
  2 ice beasts (D:6)
  2 ogres (D:5)
  3 centaurs
  4 bullfrogs
  2 kobold brigands (D:8)
  A wyvern zombie (Ossuary)
  A killer bee (D:9)
  2 jellies (D:5)
  A howler monkey (D:8)
  6 hounds
  2 centaur zombies (Ossuary)
  An orc priest (D:8)
  A gnoll bouda (D:5)
  A sleepcap (D:8)
  Ijyb (D:3)
  4 iguanas
  6 orc wizards
  8 mummies
  15 adders
  23 gnolls
  3 shadow imps
  4 white imps
  2 ufetubi
  2 dart slugs
  15 orcs
  3 ball pythons
  7 endoplasms
  4 giant cockroaches
  27 goblins
  33 hobgoblins
  3 jackals (D:1)
  4 quokkas
  6 bats
  5 frilled lizards
  13 kobolds
  5 rats (D:2)
233 creatures vanquished.

Vanquished Creatures (collateral kills)
  2 orc knights (Bailey)
  7 orc warriors (Bailey)
  2 killer bees (D:9)
  An orc wizard (D:9)
  20 orcs
32 creatures vanquished.

Grand Total: 265 creatures vanquished

Notes
Turn   | Place    | Note
-------+----------+-------------------------------------------
     0 | D:1      | Strat the Formicid Air Elementalist began the quest for the
                  | Orb.
     0 | D:1      | Reached XP level 1. HP: 13/13 MP: 3/3
   154 | D:1      | Reached skill level 1 in Fighting
   286 | D:1      | Reached XP level 2. HP: 22/22 MP: 3/5
   289 | D:1      | Learned a level 2 spell: Static Discharge
   641 | D:1      | Reached XP level 3. HP: 11/28 MP: 2/6
  1249 | D:2      | Found a shimmering altar of Xom.
  1375 | D:2      | Reached XP level 4. HP: 37/37 MP: 2/7
  1996 | D:3      | Found a faded altar of an unknown god.
  2041 | D:3      | Noticed Ijyb
  2056 | D:3      | Killed Ijyb
  2341 | D:3      | Reached XP level 5. HP: 43/43 MP: 5/8
  2643 | D:3      | Reached skill level 5 in Fighting
  2803 | D:3      | Found an ancient bone altar of Kikubaaqudgha.
  3235 | D:3      | Reached XP level 6. HP: 52/52 MP: 9/9
  3428 | D:3      | Reached skill level 1 in Armour
  3525 | D:3      | Found a sparkling altar of Nemelex Xobeh.
  3547 | D:3      | Became a worshipper of Nemelex Xobeh the Trickster
  4794 | D:3      | Reached XP level 7. HP: 59/59 MP: 10/10
  6022 | D:5      | Entered Level 5 of the Dungeon
  6144 | D:5      | Reached * piety under Nemelex Xobeh
  6382 | D:5      | Received a gift from Nemelex Xobeh
  6760 | D:5      | Reached XP level 8. HP: 58/67 MP: 11/11
  6904 | D:6      | Reached ** piety under Nemelex Xobeh
  7160 | D:5      | Reached skill level 5 in Armour
  7413 | D:6      | Noticed an unseen horror
  7457 | D:6      | Killed an unseen horror
  7458 | D:6      | Reached skill level 10 in Fighting
  7458 | D:6      | Reached XP level 9. HP: 57/78 MP: 12/12
  7530 | D:6      | Found a staircase to the Ecumenical Temple.
  7531 | D:6      | Received a gift from Nemelex Xobeh
  8097 | D:7      | Found a sand-covered staircase.
  8104 | Ossuary  | Entered an ossuary
  8126 | Ossuary  | Reached skill level 5 in Invocations
  8570 | D:7      | Received a gift from Nemelex Xobeh
  9018 | D:8      | Noticed Joseph
  9034 | D:8      | Killed Joseph
  9035 | D:8      | Reached XP level 10. HP: 40/85 MP: 13/15
  9214 | D:8      | Found a shadowy altar of Dithmenos.
  9307 | D:8      | Found a blossoming altar of Fedhas.
  9311 | D:8      | Found a snail-covered altar of Cheibriados.
  9313 | D:8      | Found a hazy altar of Hepliaklqana.
  9358 | D:8      | Reached *** piety under Nemelex Xobeh
  9812 | D:8      | Found an opulent altar of Gozag.
  9812 | D:8      | Found a white marble altar of Elyvilon.
 10034 | D:9      | Received a gift from Nemelex Xobeh
 10120 | D:9      | Found a flagged portal.
 10139 | Bailey   | Entered a bailey
 10248 | Bailey   | Noticed an orc knight
 10249 | Bailey   | Identified the +1 trident of a Gauntlet {freeze, *Corrode
                  | rElec rC+++ Int+2}
 10250 | Bailey   | Noticed an orc knight
 10266 | Bailey   | Killed an orc knight
 10275 | Bailey   | Reached skill level 10 in Armour
 10277 | Bailey   | Killed an orc knight
 10300 | Bailey   | Noticed an orc knight
 10317 | Bailey   | Killed an orc knight
 10318 | Bailey   | Reached skill level 10 in Invocations
 10318 | Bailey   | Reached XP level 11. HP: 90/90 MP: 18/18
 10657 | D:9      | HP: 3/90 [orc warrior/+0 scimitar of freezing (8)]
 10657 | D:9      | Slain by an orc warrior

Illustrated notes

Levels and vault maps discovered:
D:1:      dpeg_arrival_boxorama, layout_basic
D:2:      layout_loops_ring, basic_altar
D:3:      minmay_goblin_kobold_castle, layout_basic, lemuel_doored_altar,
          kiku_gazebo_pond_becter, shapermc_ecumenical_altar_gd, uniq_ijyb
D:4:      layout_cave_pools
D:5:      layout_gridville
D:6:      layout_cave_pools, minmay_temple_entry_tees
D:7:      layout_rooms, chequers_ossuary_entry_cave
D:8:      layout_basic, chequers_temple_overflow_statue_of_worship,
          nicolae_overflow_two_pavilions, uniq_joseph
D:9:      layout_roguey, erik_orc_3, enter_bailey_2

Skill      XL: |  1  2  3  4  5  6  7  8  9 10 |
---------------+-------------------------------+-----
Fighting       | 1 2 3 4 5 6 7 10 | 10.0
Armour         | 2 4 5 8 10 | 10.8
Invocations    | 2 7 10 | 10.3
Dodging        | |  1.7
Stealth        | |  2.4
Spellcasting   | |  2.1
Conjurations   | |  0.8
Air Magic      | |  2.4

Action                     |  1- 3 |  4- 6 |  7- 9 | 10-12 || total
---------------------------+-------+-------+-------+-------++-------
  Melee: Unarmed           |     1 |       |       |       ||     1
         Hand axe          |    28 |       |       |       ||    28
         Punch             |     1 |     7 |     2 |     3 ||    13
         Quarterstaff      |    14 |   288 |     4 |       ||   306
         Long sword        |       |       |   259 |   108 ||   367
   Cast: Shock             |    40 |    24 |       |       ||    64
         Static Discharge  |       |     1 |       |       ||     1
 Invoke: Draw Destruction  |       |       |     3 |     9 ||    12
         Draw Summoning    |       |       |       |     7 ||     7
         Draw Escape       |       |       |       |     1 ||     1
  Evoke: Wand              |       |       |     4 |       ||     4
    Use: Scroll            |       |       |    14 |     1 ||    15
         Potion            |       |       |     2 |       ||     2
   Stab: Sleeping          |     2 |     7 |     2 |       ||    11
         Distracted        |       |     1 |       |       ||     1
         Petrified         |       |       |       |     7 ||     7
 Armour: Robe              |    15 |    12 |       |       ||    27
         Leather armour    |       |   110 |    14 |       ||   124
         Ring mail         |       |       |   141 |   100 ||   241
         Chain mail        |       |       |    94 |       ||    94
  Dodge: Dodged            |    45 |   257 |   239 |   116 ||   657
  Block: Other             |       |    27 |   128 |    63 ||   218
         Reflection        |       |       |     4 |     2 ||     6
